 Dungeon Crawl Stone Soup version 0.30-a0-778-g2ef04afb54 (webtiles) character file.

Game seed: 14976431556053203343

372 Pimp the Slasher (level 6, 0/51 HPs)
             Began as a Gnoll Reaver on Feb 15, 2023.
             Slain by an ice beast (6 damage)
             ... on level 5 of the Dungeon.
             The game lasted 00:06:19 (2900 turns).

Pimp the Slasher (Gnoll Reaver)                     Turns: 2900, Time: 00:06:20

Health: 0/51       AC:  9    Str: 10    XL:     6   Next: 71%
Magic:  14/14      EV: 12    Int: 12    God:
Gold:   111        SH:  0    Dex: 16    Spells: 14/15 levels left

rFire   . . .      SeeInvis .    o - +1 whip (venom)
rCold   . . .      Faith    .    (no shield)
rNeg    . . .      Spirit   .    g - +0 ring mail
rPois   .          Reflect  .    (no helmet)
rElec   .          Harm     .    (no cloak)
rCorr   .          Rampage  .    (no gloves)
Will    .....                    (no boots)
Stlth   +                        (no amulet)
HPRegen 0.28/turn                (no ring)
MPRegen 0.14/turn                (no ring)

@: about to teleport
A: fangs 1, strong nose, distributed training, iridescent scales 2, agile 1
a: no special abilities


You were on level 5 of the Dungeon.
You visited 1 branch of the dungeon, and saw 5 of its levels.

You collected 111 gold pieces.

Inventory:

Hand Weapons
 a - a +0 falchion
 o - a +1 whip of venom (weapon)
Missiles
 p - 3 curare-tipped darts
 s - 3 poisoned darts
Armour
 b - a +0 leather armour
 g - a +0 ring mail (worn)
Jewellery
 d - a +6 ring of dexterity
 h - a ring of positive energy
Scrolls
 i - 2 scrolls of magic mapping {unknown}
 k - a scroll of silence {unknown}
 m - 4 scrolls of identify {unknown}
Potions
 c - 2 potions of mutation
 e - a potion of brilliance {unknown}
 f - a potion of berserk rage {unknown}
 j - 4 potions of curing {unknown}
 n - a potion of magic {unknown}
 q - a potion of cancellation {unknown}
 r - a potion of haste {unknown}
 t - a potion of degeneration {unknown}


   Skills:
 + Level 5.1 Fighting
 + Level 2.1 Short Blades
 + Level 6.9 Long Blades
 + Level 2.1 Axes
 + Level 2.1 Maces & Flails
 + Level 2.1 Polearms
 + Level 2.1 Staves
 + Level 2.1 Ranged Weapons
 + Level 2.1 Throwing
 + Level 2.1 Armour
 + Level 5.1 Dodging
 + Level 2.1 Stealth
 + Level 2.1 Shields
 + Level 2.1 Unarmed Combat
 + Level 5.4 Spellcasting
 + Level 5.7 Conjurations
 + Level 1.7 Hexes
 + Level 1.7 Summonings
 + Level 1.7 Necromancy
 + Level 1.7 Translocations
 + Level 1.7 Transmutations
 + Level 1.7 Fire Magic
 + Level 1.7 Ice Magic
 + Level 1.7 Air Magic
 + Level 1.7 Earth Magic
 + Level 1.7 Poison Magic
 + Level 2.4 Invocations
 + Level 2.1 Evocations


You had 14 spell levels left.
You knew the following spells:

 Your Spells              Type           Power      Damage    Failure   Level
a - Kiss of Death         Conj/Necr      48%        2d9       11%         1

Your spell library contained the following spells:

 Spells                   Type           Power      Damage    Failure   Level
 Momentum Strike          Conj/Tloc      24%        3d8       16%         2
 Hailstorm                Conj/Ice       12%        3d5       30%         3


Dungeon Overview and Level Annotations

Branches:
Dungeon (5/15)
 Temple: D:4-7

Altars:
Qazlal
Wu Jian


Innate Abilities, Weirdness & Mutations

You have very sharp teeth.
Your uncanny sense of smell can sniff out nearby items.
Your experience applies equally to all skills.
You are mostly covered in iridescent scales. (AC +4)
You are agile. (Dex +4, Str/Int -1)


Message History

The black bear claws you. x2
The hound attacks as you move away! The hound closely misses you.
The hound bites you but does no damage.
The howler monkey hoots and howls with incredible vigour!
The hound closely misses you.
You hear an angry hiss.
You hit the hound.
The hound is lightly wounded.
The hound closely misses you.
An orc comes into view. It is wielding a +0 short sword.
The black bear attacks as you move away!
The black bear bites you. The black bear claws you.
The black bear completely misses you. The hound bites you.
* * * LOW HITPOINT WARNING * * *
The black bear attacks as you move away!
The black bear bites you.
* * * LOW HITPOINT WARNING * * *
The black bear claws you.
* * * LOW HITPOINT WARNING * * *
The black bear barely misses you.
An ice beast comes into view.
The hound bites you.
* * * LOW HITPOINT WARNING * * *
The hound attacks as you move away! The hound barely misses you.
As you read the scroll labelled KADOS NUNN, it crumbles to dust.
You feel strangely unstable.
It was a scroll of teleportation.
The hound bites you but does no damage. The hound closely misses you.
It was a potion of mutation.
You feel extremely strange.
Iridescent scales grow over part of your body.
Iridescent scales spread over more of your body.
You feel agile. The hound closely misses you.
The black bear bites you but does no damage.
The black bear claws you but does no damage.
The black bear claws you.
* * * LOW HITPOINT WARNING * * *
The ice beast hits you.
* * * LOW HITPOINT WARNING * * *
The ice beast freezes you.
You die... #.......≈..
P. #....o..≈.≈≈ P.P

#.......≈.≈. ... ∆
#.......≈.≈. ###.#
#.......≈.≈.
.....#######..>....≈.≈≈
#..............[≈...
#hh.h..........≈≈≈
#@#######......... #Y#
#.........#. ..#
#...######..#. ∆
.......## ##... ...####
#.h. .... #.#. ...#. ∆
..## ###### ∆∆ ..### #


You could see a black bear, an ice beast, a howler monkey and a hound.

Vanquished Creatures
  2 scorpions (D:4)
  A hound (D:5)
  2 orc priests
  An iguana (D:4)
  An orc wizard (D:4)
  3 gnolls (D:2)
  3 adders
  4 worms (D:4)
  A dart slug (D:1)
  3 orcs (D:4)
  2 ball pythons
  2 endoplasms
  2 giant cockroaches (D:4)
  5 hobgoblins
  3 jackals (D:2)
  4 kobolds (D:2)
  A quokka (D:4)
  2 bats
  A frilled lizard (D:3)
  3 goblins
  2 rats
48 creatures vanquished.

Vanquished Creatures (others)
  16 plants (D:2)
16 creatures vanquished.

Grand Total: 64 creatures vanquished

Notes
Turn   | Place    | Note
-------+----------+-------------------------------------------
     0 | D:1      | Pimp the Gnoll Reaver began the quest for the Orb.
     0 | D:1      | Reached XP level 1. HP: 20/20 MP: 6/6
   260 | D:2      | Reached XP level 2. HP: 16/26 MP: 7/7
   456 | D:2      | Reached skill level 5 in Spellcasting
   456 | D:2      | Reached XP level 3. HP: 20/31 MP: 7/9
   575 | D:2      | Reached skill level 1 in Invocations
   585 | D:2      | Reached skill level 1 in Short Blades
   585 | D:2      | Reached skill level 1 in Axes
   585 | D:2      | Reached skill level 1 in Maces & Flails
   585 | D:2      | Reached skill level 1 in Polearms
   585 | D:2      | Reached skill level 1 in Staves
   585 | D:2      | Reached skill level 1 in Ranged Weapons
   585 | D:2      | Reached skill level 1 in Throwing
   585 | D:2      | Reached skill level 1 in Armour
   585 | D:2      | Reached skill level 1 in Stealth
   585 | D:2      | Reached skill level 1 in Shields
   585 | D:2      | Reached skill level 1 in Unarmed Combat
   585 | D:2      | Reached skill level 1 in Evocations
   588 | D:2      | Reached XP level 4. HP: 20/38 MP: 11/11
  1205 | D:3      | Found a faded altar of an unknown god.
  1227 | D:3      | HP: 1/38 [orc priest/+0 mace (3)]
  1228 | D:3      | Reached skill level 1 in Hexes
  1228 | D:3      | Reached skill level 1 in Summonings
  1228 | D:3      | Reached skill level 1 in Necromancy
  1228 | D:3      | Reached skill level 1 in Translocations
  1228 | D:3      | Reached skill level 1 in Transmutations
  1228 | D:3      | Reached skill level 1 in Fire Magic
  1228 | D:3      | Reached skill level 1 in Ice Magic
  1228 | D:3      | Reached skill level 1 in Air Magic
  1228 | D:3      | Reached skill level 1 in Earth Magic
  1228 | D:3      | Reached skill level 1 in Poison Magic
  1236 | D:4      | Found a stormy altar of Qazlal.
  1516 | D:4      | Reached XP level 5. HP: 43/43 MP: 12/12
  1855 | D:4      | Reached XP level 6. HP: 46/50 MP: 14/14
  1860 | D:4      | Reached skill level 5 in Fighting
  1860 | D:4      | Reached skill level 5 in Dodging
  2835 | D:5      | Entered Level 5 of the Dungeon
  2871 | D:5      | Found an ornate altar of the Wu Jian Council.
  2874 | D:5      | Noticed a black bear
  2897 | D:5      | Noticed an ice beast
  2900 | D:5      | Gained mutation: You are partially covered in iridescent
                  | scales. (AC +2) [potion of mutation]
  2900 | D:5      | Gained mutation: You are mostly covered in iridescent
                  | scales. (AC +4) [potion of mutation]
  2900 | D:5      | Gained mutation: You are agile. (Dex +4, Str/Int -1)
                  | [potion of mutation]
  2900 | D:5      | Slain by an ice beast

Illustrated notes

Levels and vault maps discovered:
D:1:      tarquinn_simple_flora_water_a, layout_basic, serial_shops, shop,
          nicolae_shop_hallway_plus, shop
D:2:      layout_rooms, serial_bayou_lagoon_b
D:3:      layout_rooms, ebering_ecumenical_altar_abandoned,
          grunt_decor_fettered, minmay_snake_closets
D:4:      layout_basic, old_standard_altar, cheibrodos_sewer_entry_bend
D:5:      layout_rooms, mainiacjoe_overflow_cross_hatched,
          mainiacjoe_overflow_concentric_impassable, hangedman_ru_absence,
          due_unseen_surprise

Skill      XL: |  1  2  3  4  5  6 |
---------------+-------------------+-----
Spellcasting   | 5 |  5.4
Invocations    | 1 2 |  2.4
Short Blades   | 1 2 |  2.1
Axes           | 1 2 |  2.1
Maces & Flails | 1 2 |  2.1
Polearms       | 1 2 |  2.1
Staves         | 1 2 |  2.1
Ranged Weapons | 1 2 |  2.1
Throwing       | 1 2 |  2.1
Armour         | 1 2 |  2.1
Stealth        | 1 2 |  2.1
Shields        | 1 2 |  2.1
Unarmed Combat | 1 2 |  2.1
Evocations     | 1 2 |  2.1
Hexes          | 1 |  1.7
Summonings     | 1 |  1.7
Necromancy     | 1 |  1.7
Translocations | 1 |  1.7
Transmutations | 1 |  1.7
Fire Magic     | 1 |  1.7
Ice Magic      | 1 |  1.7
Air Magic      | 1 |  1.7
Earth Magic    | 1 |  1.7
Poison Magic   | 1 |  1.7
Fighting       | 5 |  5.1
Dodging        | 5 |  5.1
Long Blades    | |  6.9
Conjurations   | |  5.7

Action                     |  1- 3 |  4- 6 || total
---------------------------+-------+-------++-------
  Melee: Falchion          |    55 |    18 ||    73
         Bite              |     6 |    15 ||    21
         Whip              |       |    88 ||    88
    Use: Scroll            |       |     1 ||     1
         Potion            |       |     1 ||     1
 Armour: Leather armour    |     7 |       ||     7
         Ring mail         |     7 |    32 ||    39
  Dodge: Dodged            |    38 |    85 ||   123

Table legend: (Time is in decaauts)
 A = Elapsed time spent in this place.
 B = Non-inter-level travel time spent in this place.
 C = Inter-level travel time spent in this place.
 D = Time resting spent in this place.
 E = Time spent auto-exploring this place.
 F = Levels seen in this place.
 G = Mean time per level.
                   A        B        C        D        E       F      G
               +--------+--------+--------+--------+--------+-----+--------+
         Total |   2936 |   2899 |     37 |    100 |   2289 |   5 |  587.2 |
       Dungeon |   2936 |   2899 |     37 |    100 |   2289 |   5 |  587.2 |
               +--------+--------+--------+--------+--------+-----+--------+

Top non-repeatable levels by time:
     D:4: 1609 daAuts
     D:2: 905 daAuts
     D:1: 257 daAuts
     D:3: 99 daAuts
     D:5: 64 daAuts
